 Dungeon Crawl Stone Soup version 0.30-a0-672-gc3a7216ad8 (webtiles) character file.

Game seed: 14063524528033906142

385 drugrobin the Insei (level 6, -2/50 HPs)
             Began as a Demigod Delver on Jan 19, 2023.
             Slain by Prince Ribbit (10 damage)
             ... on level 5 of the Dungeon.
             The game lasted 00:11:38 (5010 turns).

drugrobin the Insei (Demigod Delver)                Turns: 5010, Time: 00:11:38

Health: -2/50      AC:  5    Str: 23    XL:     6   Next: 23%
Magic:  8/8        EV: 12    Int:  9    God:
Gold:   31         SH:  0    Dex: 21    Spells: 2/5 levels left

rFire   + . .      SeeInvis .      - Unarmed
rCold   + . .      Faith    .    (no shield)
rNeg    . . .      Spirit   .    v - +2 robe of New Discoveries {rPois Int-3 Dex+2}
rPois   +          Reflect  .    (no helmet)
rElec   .          Harm     .    e - scarf {rC+ rF+}
rCorr   +          Rampage  .    x - +0 pair of gloves
Will    .....                    (no boots)
Stlth   +++                      (no amulet)
HPRegen 0.28/turn                j - ring of resist corrosion
MPRegen 0.11/turn                y - +6 ring of strength

@: no status effects
A: high MP 1, forlorn, divine attributes
a: no special abilities


You were on level 5 of the Dungeon.
You visited 1 branch of the dungeon, and saw 5 of its levels.

You collected 200 gold pieces.
You spent 169 gold pieces at shops.

Inventory:

Hand Weapons
 b - a +0 sling
 c - a +2 dagger of speed
Missiles
 h - 5 poisoned darts
 o - 6 boomerangs (quivered)
Armour
 a - a +0 leather armour
 e - a scarf of resistance (worn)
 i - a +2 ring mail of poison resistance
 l - a +0 ring mail
 v - the +2 robe of New Discoveries (worn) {rPois Int-3 Dex+2}
   (You found it on level 3 of the Dungeon)

   Int:       It affects your intelligence (-3).
   Dex:       It affects your dexterity (+2).
   rPois:     It protects you from poison.
 x - a +0 pair of gloves (worn)
Magical Staves
 u - a staff of poison
Jewellery
 j - a ring of resist corrosion (left hand)
 y - a +6 ring of strength (right hand)
Wands
 t - a wand of iceblast (2)
Scrolls
 g - 6 scrolls of teleportation
 k - 2 scrolls of fog
 m - 2 scrolls of enchant weapon
 n - a scroll of enchant armour
 s - a scroll of magic mapping
Potions
 d - a potion of degeneration {unknown}
 f - a potion of magic {unknown}
 q - a potion of resistance {unknown}
 r - 2 potions of lignification
 w - a potion of flight {unknown}
 z - 2 potions of mutation {unknown}


   Skills:
 - Level 2.6 Fighting
 - Level 1.7 Dodging
 - Level 4.5 Stealth
 + Level 6.4 Unarmed Combat


You had 2 spell levels left.
You knew the following spells:

 Your Spells              Type           Power      Damage    Failure   Level
a - Call Imp              Summ           0%         N/A       52%         2
b - Magic Dart            Conj           0%         1d3       38%         1

Your spell library contained the following spells:

 Spells                   Type           Power      Damage    Failure   Level
 Mephitic Cloud           Conj/Pois/Air  0%         N/A       77%         3


Dungeon Overview and Level Annotations

Branches:
Dungeon (5/15)
 Temple: D:4-7

Shops:
D:4 ?

Annotations:
D:3 exclusion: downstairs, Ijyb, Terence
D:5 Prince Ribbit


Innate Abilities, Weirdness & Mutations

You have an increased reservoir of magic. (+10% MP)
You shall have no god before yourself.
Your divine heritage dramatically boosts your attributes as you level up.


Message History

Unknown command.
You miss Prince Ribbit.
Prince Ribbit is moderately wounded.
Prince Ribbit hits you. x2
Unknown command.
Unknown command.
Unknown command.
Unknown command.
You hit Prince Ribbit but do no damage.
Prince Ribbit is moderately wounded.
Prince Ribbit hits you!
Unknown command.
Unknown command.
Unknown command.
Unknown command.
Unknown command.
Unknown command.
You miss Prince Ribbit.
Prince Ribbit is moderately wounded.
Prince Ribbit hits you!
* * * LOW HITPOINT WARNING * * *
Unknown command.
Unknown command.
Okay, then.
You feel better. Prince Ribbit hits you.
* * * LOW HITPOINT WARNING * * *
Unknown command.
Unknown command.
Unknown command.
Unknown command.
You punch Prince Ribbit!
Prince Ribbit is heavily wounded.
Prince Ribbit hits you!
* * * LOW HITPOINT WARNING * * *
Prince Ribbit completely misses you.
Unknown command.
Unknown command.
Okay, then.
You feel better. Prince Ribbit hits you!
You die...

**#o.********####...###.S......
*,#* ****#.##* #.#...... *,,**
*,,...* *#(#...... ******,,*
***,###### *..#......
*,,,,,*,*****,,,*#...###.##<.....
*,,****,,,,,,,*##..[..##!*#......
,,,*,,,,,,*****#.......#.*#.?....
,,*,,****,* #.........*#$.....
,,,,** *,* #@F.....#**#......
,,*** *,* ##......# #....h. ,**
*,** ****.....## ##..... **
*,,***,,>......# *#....
*****,,,**,*,$.....# *****
****,,,,,,,,,,*,......#
*,,,,***,,,*****.....## ******
***** *#...## *****


You could see Prince Ribbit.

Vanquished Creatures
  Menkaure (D:4)
  A scorpion (D:4)
  A jelly (D:4)
  A hound (D:4)
  Jessica (D:3)
  7 adders
  A white imp (D:4)
  A dart slug (D:4)
  An orc (D:3)
  4 ball pythons
  2 endoplasms (D:2)
  3 giant cockroaches
  5 goblins
  5 hobgoblins
  4 jackals
  3 quokkas (D:3)
  2 bats
  3 frilled lizards
  4 kobolds
  3 rats
53 creatures vanquished.

Notes
Turn   | Place    | Note
-------+----------+-------------------------------------------
     0 | D:5      | drugrobin the Demigod Delver began the quest for the Orb.
     0 | D:5      | Reached XP level 1. HP: 18/18 MP: 3/3
     7 | D:5      | Noticed an orc wizard
    30 | D:5      | Noticed a jelly
    53 | D:5      | Reached skill level 2 in Unarmed Combat
   192 | D:5      | Noticed a scorpion
   197 | D:5      | Noticed a jelly
   199 | D:5      | Noticed a water moccasin
   239 | D:5      | Noticed a hound
   303 | D:4      | Noticed a scorpion
   333 | D:4      | Reached XP level 2. HP: 20/25 MP: 4/4
   426 | D:4      | Found Xeug's Magic Scroll Boutique.
   497 | D:5      | Noticed Prince Ribbit
   538 | D:4      | Noticed Menkaure
   597 | D:3      | Noticed Terence
   777 | D:1      | Reached skill level 3 in Unarmed Combat
  1867 | D:2      | Reached XP level 3. HP: 30/30 MP: 5/5
  2609 | D:3      | Reached skill level 4 in Unarmed Combat
  2661 | D:3      | Noticed Ijyb
  2774 | D:3      | Reached XP level 4. HP: 37/37 MP: 6/6
  2997 | D:3      | Noticed a water elemental
  3126 | D:3      | Noticed a fire elemental
  3350 | D:3      | Noticed Jessica
  3353 | D:3      | Identified the +2 robe of New Discoveries {rPois Int-3
                  | Dex+2}
  3361 | D:3      | Killed Jessica
  3454 | D:3      | Learned a level 2 spell: Call Imp
  3456 | D:3      | Learned a level 1 spell: Magic Dart
  3655 | D:3      | Noticed an air elemental
  3655 | D:3      | Noticed an earth elemental
  3950 | D:4      | Reached skill level 5 in Unarmed Combat
  3950 | D:4      | Reached XP level 5. HP: 32/42 MP: 7/7
  4296 | D:4      | Bought a scroll of identify for 26 gold pieces
  4296 | D:4      | Bought a scroll of teleportation for 39 gold pieces
  4296 | D:4      | Bought a scroll of teleportation for 39 gold pieces
  4296 | D:4      | Bought a scroll of teleportation for 39 gold pieces
  4296 | D:4      | Bought a scroll of identify for 26 gold pieces
  4505 | D:4      | Killed Menkaure
  4506 | D:4      | Reached skill level 6 in Unarmed Combat
  4506 | D:4      | Reached XP level 6. HP: 50/50 MP: 5/8
  5009 | D:5      | HP: 2/50 [Prince Ribbit (9)]
  5010 | D:5      | Slain by Prince Ribbit

Illustrated notes

Levels and vault maps discovered:
D:1:      kilobyte_arrival_exit_the_forest, layout_basic
D:2:      layout_basic, chequers_jeans
D:3:      layout_basic, nicolae_qazlal_style_of_elements,
          nicolae_kikubaaqudgha_miasma_corner, uniq_ijyb, uniq_jessica,
          uniq_terence
D:4:      layout_basic, serial_shops, shop_fountains, uniq_menkaure
D:5:      due_chaos_kobolds, layout_rooms, tso_oasis_becter,
          nemelex_spade_bored_becter, uniq_prince_ribbit1

Skill      XL: |  1  2  3  4  5 |
---------------+----------------+-----
Unarmed Combat | 2 3 4 5 6 |  6.4
Fighting       | |  2.6
Dodging        | |  1.7
Stealth        | |  4.5

Action                   |  1- 3 |  4- 6 || total
-------------------------+-------+-------++-------
Melee: Unarmed           |   111 |    69 ||   180
       Punch             |     1 |     2 ||     3
 Fire: Sling             |    36 |    22 ||    58
Throw: Dart              |     2 |     4 ||     6
       Boomerang         |       |     5 ||     5
 Cast: Call Imp          |       |     1 ||     1
Evoke: Wand              |     3 |       ||     3
  Use: Scroll            |     2 |     4 ||     6
       Potion            |     2 |     2 ||     4
 Stab: Sleeping          |     3 |       ||     3
Armor: Leather armour    |    19 |       ||    19
       Ring mail         |     9 |     7 ||    16
       Robe              |       |     9 ||     9
Dodge: Dodged            |    51 |    34 ||    85

Table legend: (Time is in decaauts)
 A = Elapsed time spent in this place.
 B = Non-inter-level travel time spent in this place.
 C = Inter-level travel time spent in this place.
 D = Time resting spent in this place.
 E = Time spent auto-exploring this place.
 F = Levels seen in this place.
 G = Mean time per level.
                   A        B        C        D        E       F      G
               +--------+--------+--------+--------+--------+-----+--------+
         Total |   4997 |   4609 |    388 |    416 |   3085 |   5 |  999.4 |
       Dungeon |   4997 |   4609 |    388 |    416 |   3085 |   5 |  999.4 |
               +--------+--------+--------+--------+--------+-----+--------+

Top non-repeatable levels by time:
     D:4: 1482 daAuts
     D:3: 1353 daAuts
     D:1: 1000 daAuts
     D:2: 925 daAuts
     D:5: 236 daAuts
